 Dungeon Crawl Stone Soup version 0.27.1-1-g398f81649c (webtiles) character file.

Game seed: 14944184230416653253

389 ZARRMARR the Conjurer (level 6, -5/40 HPs)
             Began as an Octopode Conjurer on Sept 12, 2021.
             Slain by a killer bee zombie (6 damage)
             ... in an ossuary.
             The game lasted 00:12:26 (4529 turns).

ZARRMARR the Conjurer (Octopode Conjurer)           Turns: 4529, Time: 00:12:26

Health: -5/40      AC:  1    Str: 12    XL:     6   Next: 79%
Magic:  2/10       EV: 13    Int: 22    God:
Gold:   184        SH:  0    Dex: 11    Spells: 7/11 levels left

rFire    . . .     SeeInvis .   f - +0 dagger
rCold    . . .     Faith    .   (no shield)
rNeg     . . .     Spirit   .   (helmet restricted)
rPois    +         Reflect  .   (no amulet)
rElec    .         Harm     .   e - +6 ring of strength
rCorr    .         Rampage  .   j - ring of poison resistance
Will     .....                  (no ring)
Stlth    ++++......             (no ring)
HPRegen  0.13/turn              (no ring)
MPRegen  0.12/turn              (no ring)
                                (no ring)
                                (no ring)

@: no status effects
A: almost no armour, amphibious, 8 rings, camouflage 1, gelatinous body 1,
(nimble swimmer 1), tentacles
a: no special abilities


You were in an ossuary.
You visited 1 branch of the dungeon, and saw 4 of its levels.
You also visited: Ossuary.

You collected 184 gold pieces.

Inventory:

Hand Weapons
 f - a +0 dagger (weapon)
Missiles
 o - 3 curare-tipped darts
Jewellery
 e - a +6 ring of strength (left tentacle)
 j - a ring of poison resistance (right tentacle)
Scrolls
 b - a scroll of blinking
 c - a scroll of summoning {unknown}
 d - a scroll of enchant weapon {unknown}
 h - 2 scrolls of teleportation {unknown}
 n - a scroll of torment {unknown}
Potions
 g - 2 potions of haste {unknown}
 i - a potion of lignification {unknown}
 k - 2 potions of berserk rage {unknown}
 l - a potion of brilliance {unknown}
 m - 2 potions of magic {unknown}


   Skills:
 + Level 2.3 Fighting
 + Level 3.3 Dodging
 + Level 4.7 Stealth
 + Level 3.1 Spellcasting
 * Level 5.6 Conjurations


You had 7 spell levels left.
You knew the following spells:

 Your Spells              Type           Power      Damage    Failure   Level
a - Magic Dart            Conj           100%       1d8       1%          1
b - Searing Ray           Conj           56%        3d5       1%          2
c - Apportation           Tloc           6%         N/A       12%         1

Your spell library contained the following spells:

 Spells                   Type           Power      Damage    Failure   Level
 Dazzling Flash           Conj/Hex       30%        N/A       12%         3
 Blink                    Tloc           N/A        N/A       19%         2
 Lesser Beckoning         Tloc           1%         N/A       36%         3
 Fulminant Prism          Conj/Hex       7%         3d7       36%         4
 Iskenderun's Mystic Bla  Conj/Tloc      15%        2d5       36%         4
 Alistair's Intoxication  Tmut/Pois      2%         N/A       98%         5
 Manifold Assault         Tloc           3%         N/A       98%         5
 Invisibility             Hex            1%         N/A       100%        6


Dungeon Overview and Level Annotations

Branches:
Dungeon (4/15)            Ossuary (1/1)
 Temple: D:4-7

Altars:
Kikubaaqudgha
Yredelemnul

Shops:
D:2 =


Innate Abilities, Weirdness & Mutations

You cannot wear most types of armour.
You are amphibious.
You can wear up to eight rings at the same time.
Your skin changes colour to match your surroundings (Stealth+).
Your rubbery body absorbs attacks. (AC +1, EV +1)
((You are camouflaged near water. (Stealth+)))
You have tentacles for arms and can constrict up to eight enemies at once.


Message History

The killer bee zombie is almost destroyed.
You constrict the killer bee zombie.
You destroy the killer bee zombie!
The killer bee zombie barely misses you.
You hit the killer bee zombie. Your grab misses the killer bee zombie.
Your squeeze misses the killer bee zombie.
The killer bee zombie is lightly damaged.
The killer bee zombie misses you.
The killer bee zombie barely misses you.
Press: ? - help, v - describe, . - travel
Here: a killer bee zombie The floor.
Unknown command.
You hit the killer bee zombie. Your grab misses the killer bee zombie.
Your squeeze misses the killer bee zombie.
The killer bee zombie is lightly damaged.
The killer bee zombie closely misses you.
The killer bee zombie hits you!
As you read the scroll of holy word, it crumbles to dust.
You speak a Word of immense power!
The killer bee zombie convulses!
You destroy the killer bee zombie!
The killer bee zombie convulses!
You destroy the killer bee zombie!
The killer bee zombie hits you.
* * * LOW HITPOINT WARNING * * *
You hit the killer bee zombie. You grab the killer bee zombie.
The killer bee zombie is severely damaged.
You constrict the killer bee zombie. The killer bee zombie hits you.
* * * LOW HITPOINT WARNING * * *
The killer bee zombie misses you.
You hit the killer bee zombie.
The killer bee zombie is severely damaged.
You constrict the killer bee zombie.
The killer bee zombie barely misses you.
The killer bee zombie hits you.
* * * LOW HITPOINT WARNING * * *
You hit the killer bee zombie.
The killer bee zombie is almost destroyed.
You constrict the killer bee zombie. The killer bee zombie hits you.
You die...

## '
#####.###
#...#.'.#
#.∩.Z.#
#∩.@#.+
##### #


You could see a killer bee zombie.

Vanquished Creatures
  A water moccasin zombie (Ossuary)
  A bullfrog zombie (Ossuary)
  Natasha (thrice) (D:3)
  An orc wizard (D:2)
  3 killer bee zombies (Ossuary)
  5 mummies
  2 adders (D:3)
  A worm (D:3)
  2 dart slugs
  4 orcs
  8 ball pythons
  8 endoplasms
  A giant cockroach (D:2)
  6 goblins
  3 hobgoblins
  A quokka (D:2)
  8 bats
  3 frilled lizards
  5 kobolds
  6 rats
72 creatures vanquished.

Vanquished Creatures (others)
  4 withered plants (Ossuary)
4 creatures vanquished.

Grand Total: 76 creatures vanquished

Notes
Turn   | Place    | Note
-------+----------+-------------------------------------------
     0 | D:1      | ZARRMARR the Octopode Conjurer began the quest for the Orb.
     0 | D:1      | Reached XP level 1. HP: 11/11 MP: 3/3
   229 | D:1      | Reached XP level 2. HP: 17/17 MP: 0/5
   499 | D:1      | Found a faded altar of an unknown god.
  1401 | D:1      | Learned a level 2 spell: Searing Ray
  1404 | D:2      | Reached XP level 3. HP: 22/22 MP: 6/6
  1756 | D:2      | Reached skill level 1 in Fighting
  1756 | D:2      | Reached XP level 4. HP: 15/28 MP: 3/7
  2525 | D:2      | Found Fusunk's Jewellery Shoppe.
  3107 | D:3      | Noticed Natasha
  3125 | D:3      | Found a basalt altar of Yredelemnul.
  3587 | D:3      | Killed Natasha
  3588 | D:3      | Reached XP level 5. HP: 25/33 MP: 4/8
  3695 | D:3      | Noticed Natasha
  3702 | D:3      | Killed Natasha
  3703 | D:3      | Reached skill level 5 in Conjurations
  3964 | D:3      | Noticed Natasha
  3969 | D:3      | Killed Natasha
  4048 | D:3      | Found a basalt altar of Yredelemnul.
  4216 | D:3      | Learned a level 1 spell: Apportation
  4247 | D:4      | Found an ancient bone altar of Kikubaaqudgha.
  4261 | D:4      | Found a sand-covered staircase.
  4299 | Ossuary  | Entered an ossuary
  4315 | Ossuary  | Reached XP level 6. HP: 39/39 MP: 2/10
  4528 | Ossuary  | HP: 1/40 [killer bee zombie (4)]
  4529 | Ossuary  | Slain by a killer bee zombie

Illustrated notes

Levels and vault maps discovered:
D:1:      sevenhm_arrival_forest_fort_small_4, layout_basic,
          dreamdust_ecumenical_altar_hidden_monk_grotto, minmay_small_reverse_x
D:2:      layout_basic, serial_shops, shop_coins
D:3:      layout_basic, yredelemnul_altar_generic, uniq_natasha
D:4:      layout_basic, grunt_temple_overflow_magic_moments,
          nicolae_dithmenos_shadow_blocks, serial_shops, nicolae_square_shop,
          gup_ossuary_entry_pyramid, uniq_ijyb
Ossuary:  ossuary_zaba_flooded

Skill      XL: |  1  2  3  4  5  6 |
---------------+-------------------+-----
Stealth        | 3 4 |  4.7
Fighting       | 1 2 |  2.3
Conjurations   | 5 |  5.6
Dodging        | 3 |  3.3
Spellcasting   | 3 |  3.1

Action                   |  1- 3 |  4- 6 || total
-------------------------+-------+-------++-------
Melee: Dagger            |    10 |    29 ||    39
       Tentacles         |     1 |     4 ||     5
       Constrict         |       |     7 ||     7
 Cast: Magic Dart        |    49 |    39 ||    88
       Searing Ray       |     3 |    15 ||    18
  Use: Scroll            |     1 |     2 ||     3
 Stab: Sleeping          |     1 |       ||     1
Armor: Skin              |     2 |     1 ||     3
Dodge: Dodged            |    28 |    24 ||    52
